% Time on Ice - OKANAGAN RATTLESNAKES
Lines # - Real PCT - Wanted PCT - Time Play
Normal Forward
1 - 30% - 36% - 14:30
2 - 33% - 31% - 15:49
3 - 21% - 23% - 9:49
4 - 16% - 10% - 7:29
Normal Defense
1 - 37% - 36% - 17:29
2 - 30% - 31% - 14:10
3 - 27% - 23% - 13:05
4 - 6% - 10% - 2:53
PP Forward
1 - 49% - 55% - 3:52
2 - 51% - 45% - 4:04
PP Defense
1 - 61% - 55% - 4:51
2 - 39% - 45% - 3:05
PK Forward
1 - 62% - 55% - 2:46
2 - 38% - 45% - 1:41
PK Defense
1 - 60% - 55% - 2:39
2 - 40% - 45% - 1:48
PK3 Forward
1 - 0% - 55%
2 - 0% - 45%
PK3 Defense
1 - 0% - 55%
2 - 0% - 45%
44 Forward
1 - 0% - 55%
2 - 0% - 45%
44 Defense
1 - 0% - 55%
2 - 0% - 45%
Last Minute Offensive  - 0:00
Last Minute Defensive  - 0:00
Total
Forward - 60:00
Defense - 60:00
% Time on Ice - LONG BEACH BARACUDAS
Lines # - Real PCT - Wanted PCT - Time Play
Normal Forward
1 - 37% - 38% - 17:40
2 - 30% - 31% - 14:18
3 - 23% - 21% - 10:52
4 - 10% - 10% - 4:47
Normal Defense
1 - 35% - 36% - 16:29
2 - 32% - 31% - 15:09
3 - 29% - 23% - 13:41
4 - 5% - 10% - 2:18
PP Forward
1 - 72% - 55% - 3:12
2 - 28% - 45% - 1:15
PP Defense
1 - 41% - 55% - 1:49
2 - 59% - 45% - 2:38
PK Forward
1 - 70% - 55% - 5:35
2 - 30% - 45% - 2:21
PK Defense
1 - 65% - 55% - 5:10
2 - 35% - 45% - 2:46
PK3 Forward
1 - 0% - 55%
2 - 0% - 45%
PK3 Defense
1 - 0% - 55%
2 - 0% - 45%
44 Forward
1 - 0% - 55%
2 - 0% - 45%
44 Defense
1 - 0% - 55%
2 - 0% - 45%
Last Minute Offensive  - 0:00
Last Minute Defensive  - 0:00
Total
Forward - 60:00
Defense - 60:00
Play-by-Play 1st period 0:01 of 1st period - Brock Nelson wins face-off versus Lars Eller in neutral zone. 0:03 of 1st period - Minor Penalty to Seth Jarvis for Hooking. 0:04 of 1st period - Derek Stepan wins face-off versus T.J. Oshie in LONG BEACH BARACUDAS zone. 0:29 of 1st period - Shot by Justin Faulk. 0:29 of 1st period - Stopped by Jake Oettinger without a rebound. 0:30 of 1st period - Jordan Eberle wins face-off versus Derek Stepan in LONG BEACH BARACUDAS zone. 1:26 of 1st period - Icing by Anders Lee. 1:27 of 1st period - Derek Stepan wins face-off versus T.J. Oshie in OKANAGAN RATTLESNAKES zone. 2:55 of 1st period - Shot by Nicklas Backstrom. 2:55 of 1st period - Stopped by Ville Husso without a rebound. 2:56 of 1st period - Alexander Wennberg wins face-off versus Craig Smith in OKANAGAN RATTLESNAKES zone. 2:58 of 1st period - Icing by Jordan Eberle. 2:59 of 1st period - William Karlsson wins face-off versus Alexander Wennberg in OKANAGAN RATTLESNAKES zone. 2:59 of 1st period - William Karlsson is hit by Vince Dunn. 3:21 of 1st period - Shot by Arthur Kaliyev. 3:21 of 1st period - Shot Misses the Net. 3:23 of 1st period - Shot by William Karlsson. 3:23 of 1st period - Shot Misses the Net. 3:25 of 1st period - Shot by William Karlsson. 3:25 of 1st period - Shot Hit the Post. 3:27 of 1st period - Shot by William Karlsson. 3:27 of 1st period - Shot Misses the Net. 4:02 of 1st period - Brock McGinn is hit by Vince Dunn. 4:13 of 1st period - Shot by Robert Fabbri. 4:13 of 1st period - Shot Blocked by Jordan Eberle. 4:15 of 1st period - Shot by P.K. Subban. 4:15 of 1st period - Shot Misses the Net. 4:18 of 1st period - Nicklas Backstrom is hit by Olli Maatta and loses puck. 4:23 of 1st period - Shot by Robert Fabbri. 4:23 of 1st period - Shot Blocked by Vince Dunn. 4:27 of 1st period - Shot by Nicklas Backstrom. 4:27 of 1st period - Stopped by Ville Husso without a rebound. 4:28 of 1st period - Lars Eller wins face-off versus Brock Nelson in OKANAGAN RATTLESNAKES zone. 4:28 of 1st period - Lars Eller is hit by Seth Jarvis. 4:34 of 1st period - Shot by T.J. Oshie. 4:34 of 1st period - Shot Misses the Net. 4:48 of 1st period - Shot by Taylor Hall. 4:48 of 1st period - Shot Misses the Net. 5:26 of 1st period - Shot by Arthur Kaliyev. 5:26 of 1st period - Shot Blocked by Lars Eller. 5:28 of 1st period - Shot by Ryan Murray. 5:28 of 1st period - Stopped by Ville Husso without a rebound. 5:29 of 1st period - Derek Stepan wins face-off versus Oskar Sundqvist in OKANAGAN RATTLESNAKES zone. 5:56 of 1st period - Shot by Robert Fabbri. 5:56 of 1st period - Stopped by Ville Husso without a rebound. 5:57 of 1st period - William Karlsson wins face-off versus Luke Kunin in OKANAGAN RATTLESNAKES zone. 5:57 of 1st period - William Karlsson is hit by Justin Faulk. 6:21 of 1st period - Mattias Ekholm is hit by Craig Smith and loses puck. 7:01 of 1st period - Shot by Oskar Sundqvist. 7:01 of 1st period - Shot Blocked by Mitch Reinke. 7:03 of 1st period - Shot by Olli Maatta. 7:03 of 1st period - Stopped by Jake Oettinger with a rebound. 7:04 of 1st period - Minor Penalty to Mitch Reinke for Boarding. 7:05 of 1st period - Alexander Wennberg wins face-off versus Derek Stepan in LONG BEACH BARACUDAS zone. 7:21 of 1st period - Icing by Alexander Wennberg. 7:22 of 1st period - Alexander Wennberg wins face-off versus Derek Stepan in OKANAGAN RATTLESNAKES zone. 7:39 of 1st period - Shot by Vince Dunn. 7:39 of 1st period - Stopped by Jake Oettinger without a rebound. 7:40 of 1st period - Nolan Patrick wins face-off versus T.J. Oshie in LONG BEACH BARACUDAS zone. 8:03 of 1st period - Shot by Oskar Sundqvist. 8:03 of 1st period - Shot Misses the Net. 9:18 of 1st period - Icing by Olli Maatta. 9:19 of 1st period - Alexander Wennberg wins face-off versus William Karlsson in OKANAGAN RATTLESNAKES zone. 10:12 of 1st period - Icing by Brock Nelson. 10:13 of 1st period - Brock Nelson wins face-off versus Ryan Reaves in LONG BEACH BARACUDAS zone. 10:13 of 1st period - Brock Nelson is hit by Ryan Reaves. 11:23 of 1st period - Shot by T.J. Oshie. 11:23 of 1st period - Shot Misses the Net. 12:25 of 1st period - Shot by Alexander Wennberg. 12:25 of 1st period - Shot Blocked by Alex Pietrangelo. 12:27 of 1st period - Shot by Justin Faulk. 12:27 of 1st period - Stopped by Jake Oettinger without a rebound. 12:28 of 1st period - Nicklas Backstrom wins face-off versus Lars Eller in LONG BEACH BARACUDAS zone. 12:57 of 1st period - T.J. Oshie is hit by Ryan Murray and loses puck. 14:31 of 1st period - Shot by Robert Fabbri. 14:31 of 1st period - Goal by Robert Fabbri - OKANAGAN RATTLESNAKES : 0 - LONG BEACH BARACUDAS : 1. 14:32 of 1st period - Nicklas Backstrom wins face-off versus Oskar Sundqvist in neutral zone. 15:24 of 1st period - Shot by William Karlsson. 15:24 of 1st period - Shot Misses the Net. 15:36 of 1st period - Shot by Luke Kunin. 15:36 of 1st period - Deflect By Ryan Reaves. 15:36 of 1st period - Shot Blocked by Nicklas Backstrom. 15:55 of 1st period - Icing by Alex Pietrangelo. 15:56 of 1st period - William Karlsson wins face-off versus Lars Eller in LONG BEACH BARACUDAS zone. 16:06 of 1st period - Icing by Travis Dermott. 16:07 of 1st period - Lars Eller wins face-off versus Brock Nelson in OKANAGAN RATTLESNAKES zone. 16:16 of 1st period - Shot by Lars Eller. 16:16 of 1st period - Shot Misses the Net. 16:18 of 1st period - Shot by Travis Dermott. 16:18 of 1st period - Shot Misses the Net. 16:20 of 1st period - Shot by Lars Eller. 16:20 of 1st period - Goal by Lars Eller - OKANAGAN RATTLESNAKES : 1 - LONG BEACH BARACUDAS : 1. 16:21 of 1st period - Alexander Wennberg wins face-off versus Boris Katchouk in neutral zone. 16:23 of 1st period - Mike Hoffman is hit by P.K. Subban. 16:37 of 1st period - Shot by Mike Hoffman. 16:37 of 1st period - Shot Misses the Net. 16:46 of 1st period - Icing by Boris Katchouk. 16:47 of 1st period - Derek Stepan wins face-off versus Lars Eller in LONG BEACH BARACUDAS zone. 16:47 of 1st period - Derek Stepan is hit by T.J. Oshie. 17:39 of 1st period - Taylor Hall is hit by Markus Nutivaara and loses puck. 17:47 of 1st period - Icing by Darren Helm. 17:48 of 1st period - Oskar Sundqvist wins face-off versus William Karlsson in OKANAGAN RATTLESNAKES zone. 17:55 of 1st period - Shot by William Karlsson. 17:55 of 1st period - Stopped by Ville Husso with a rebound. 17:57 of 1st period - Shot by Craig Smith. 17:57 of 1st period - Stopped by Ville Husso without a rebound. 17:58 of 1st period - Alexander Wennberg wins face-off versus Nicklas Backstrom in OKANAGAN RATTLESNAKES zone. 18:20 of 1st period - Shot by Alexander Wennberg. 18:20 of 1st period - Stopped by Jake Oettinger without a rebound. 18:21 of 1st period - Lars Eller wins face-off versus Brock Nelson in LONG BEACH BARACUDAS zone. 18:44 of 1st period - Shot by Lars Eller. 18:44 of 1st period - Stopped by Jake Oettinger with a rebound. 18:47 of 1st period - Icing by Alex Pietrangelo. 18:48 of 1st period - Oskar Sundqvist wins face-off versus Brock Nelson in LONG BEACH BARACUDAS zone. 18:57 of 1st period - Alex Pietrangelo is hit by Markus Nutivaara. 19:00 of 1st period - Taylor Hall is hit by Markus Nutivaara and loses puck. 19:04 of 1st period - Minor Penalty to Markus Nutivaara for Interference. 19:05 of 1st period - William Karlsson wins face-off versus Oskar Sundqvist in OKANAGAN RATTLESNAKES zone. 19:10 of 1st period - Shot by Craig Smith. 19:10 of 1st period - Stopped by Ville Husso without a rebound. 19:11 of 1st period - William Karlsson wins face-off versus Oskar Sundqvist i